 Dungeon Crawl Stone Soup version 0.28-a0-1347-g113dc556a4 (webtiles) character file.

Game seed: 3491309372119791375

126 pokeman the Magician (level 4, 0/25 HPs)
             Began as a Deep Elf Hedge Wizard on Dec 29, 2021.
             Slain by a goblin (6 damage)
             ... led by Robin
             ... on level 3 of the Dungeon.
             The game lasted 00:06:49 (4337 turns).

pokeman the Magician (Deep Elf Hedge Wizard)        Turns: 4337, Time: 00:06:50

Health: 0/25       AC:  5    Str:  7    XL:     4   Next: 84%
Magic:  3/13       EV: 12    Int: 21    God:
Gold:   64         SH:  0    Dex: 14    Spells: 3/14 levels left

rFire   + . .      SeeInvis .   v - +0 dagger (venom)
rCold   . . .      Faith    .   (no shield)
rNeg    . . .      Spirit   .   m - +0 leather armour {rF+}
rPois   .          Reflect  .   c - +0 hat
rElec   .          Harm     .   a - +0 cloak
rCorr   .          Rampage  .   (no gloves)
Will    .....                   k - +0 pair of boots
Stlth   ++........              (no amulet)
HPRegen 0.08/turn               (no ring)
MPRegen 0.13/turn               (no ring)

@: no status effects
A: no striking features
a: no special abilities


You were on level 3 of the Dungeon.
You visited 1 branch of the dungeon, and saw 4 of its levels.

You collected 88 gold pieces.
You spent 24 gold pieces at shops.

Inventory:

Hand Weapons
 v - a +0 dagger of venom (weapon)
Missiles
 e - 21 bolts
 r - 37 arrows
Armour
 a - a +0 cloak (worn)
 c - a +0 hat (worn)
 k - a +0 pair of boots (worn)
 m - a +0 leather armour of fire resistance (worn)
Jewellery
 j - a ring of ice
Scrolls
 b - a scroll of immolation {unknown}
 g - a scroll of fear {unknown}
 h - a scroll of holy word {unknown}
 p - 2 scrolls of fog {unknown}
 q - 2 scrolls of identify
 s - a scroll of enchant armour {unknown}
 t - a scroll of silence {unknown}
 u - a scroll of amnesia {unknown}
Potions
 d - a potion of experience {unknown}
 f - a potion of berserk rage {unknown}
 i - a potion of curing {unknown}
 l - 2 potions of lignification {unknown}
 o - 2 potions of heal wounds {unknown}


   Skills:
 - Level 1.0 Fighting
 - Level 1.0 Armour
 + Level 2.9 Dodging
 - Level 2.4 Stealth
 * Level 5.9 Spellcasting
 + Level 2.4 Conjurations
 - Level 1.1 Summonings
 - Level 1.1 Translocations
 - Level 1.0 Fire Magic
 + Level 0.2 Air Magic


You had 3 spell levels left.
You knew the following spells:

 Your Spells              Type           Power      Damage    Failure   Level
a - Magic Dart            Conj           64%        1d6       5%          1
b - Mephitic Cloud        Conj/Pois/Air  10%        N/A       30%         3
c - Call Imp              Summ           10%        N/A       14%         2
d - Blink                 Tloc           20%        N/A       14%         2
e - Conjure Flame         Conj/Fire      13%        6-21      22%         3

Your spell library contained the following spells:

 Spells                   Type           Power      Damage    Failure   Level
 Slow                     Hex            24%        N/A       14%         1


Dungeon Overview and Level Annotations

Branches:
Dungeon (4/15)
 Temple: D:4-7

Altars:
Xom

Shops:
D:2 :(?[

Annotations:
D:3 Robin


Message History

Your leather armour prevents you from hitting the ball python.
The ball python bites you.
* * * LOW HITPOINT WARNING * * *
The ball python closely misses you.
Unknown command.
You swap places.
The ball python closely misses your white imp.
The ball python barely misses your white imp.
Your white imp hits the ball python.
The ball python dies!
Unknown command.
What are your orders? t - Shout!
Orders for allies: a - Attack new target. p - Attack previous target. r - Retreat! s - Stop attacking. g - Guard the area. f - Follow me.
Anything else - Cancel.
Gang up on whom?
Press: ? - help, Dir - move target, f - giant cockroach, p - ufetubus
Aim: a giant cockroach Attack!
The giant cockroach bites your white imp.
Your white imp hits the giant cockroach.
Your white imp freezes the giant cockroach.
The giant cockroach dies!
The ufetubus closely misses your white imp.
The ufetubus barely misses your white imp.
Robin throws the goblin at you! The goblin completely misses you.
Unknown command.
Casting: Call Imp (safe; 14% risk of failure)
Confirm with . or Enter, or press ? or * to list all spells.
Aiming: Magic Dart (safe; 5% risk of failure)
Press: ? - help, Shift-Dir - straight line, f - goblin
Aim: a goblin, wielding a +0 club (strong, 100% to hit)
The magic dart hits the goblin.
The goblin is moderately wounded.
The ufetubus hits your white imp.
The ufetubus closely misses your white imp.
The goblin hits you with a +0 club.
You die...

....g.........................#
..#..##.<...###...#.#.#######.#
..#..##.....###...#.#.# ####.#
..................#.#.# #....#
..........g.####..#.#.# #.##.#
#.#........g......#.#.####.##.#
#.#)..........................#
......##....#.###.#.#.####.####
............g.55@g#.#.# #.#
#.#...##....#.#####.#.# #.#
......................# #.#
....................######.#####
......####..#######............#
###.### #..# ############## #
#.# #..# # ### ####


You could see Robin, an ufetubus, a goblin (strong, ally target) and a friendly
white imp (summoned).

Vanquished Creatures
  Jessica (D:2)
  3 adders (D:2)
  3 dart slugs
  3 bats (D:3)
  8 endoplasms
  5 giant cockroaches
  10 goblins
  9 hobgoblins
  2 quokkas
  4 ball pythons
  4 frilled lizards
  3 kobolds (D:2)
  8 rats
63 creatures vanquished.

Vanquished Creatures (collateral kills)
  A giant cockroach (D:3)
  A ball python (D:3)
2 creatures vanquished.

Grand Total: 65 creatures vanquished

Notes
Turn   | Place    | Note
-------+----------+-------------------------------------------
     0 | D:1      | pokeman the Deep Elf Hedge Wizard began the quest for the
                  | Orb.
     0 | D:1      | Reached XP level 1. HP: 10/10 MP: 7/7
   641 | D:1      | Reached XP level 2. HP: 16/16 MP: 6/9
   725 | D:1      | Found a faded altar of an unknown god.
  1193 | D:1      | Reached skill level 5 in Spellcasting
  1697 | D:1      | Reached XP level 3. HP: 20/20 MP: 7/11
  1701 | D:1      | Learned a level 3 spell: Mephitic Cloud
  1704 | D:1      | Learned a level 2 spell: Call Imp
  1709 | D:1      | Learned a level 2 spell: Blink
  1713 | D:1      | Learned a level 3 spell: Conjure Flame
  1975 | D:2      | Found Xean's Book Shop.
  2043 | D:2      | Found Paajaoci's Weapon Shoppe.
  2057 | D:2      | Reached skill level 1 in Fighting
  2057 | D:2      | Reached skill level 1 in Armour
  2445 | D:2      | Noticed Jessica
  2466 | D:2      | Killed Jessica
  2467 | D:2      | Reached XP level 4. HP: 25/25 MP: 4/13
  2610 | D:2      | Found Lolokloluv's Magic Scroll Emporium.
  2618 | D:2      | Bought a scroll of identify for 24 gold pieces
  2896 | D:2      | Found Kifop's Antique Armour Shop.
  3505 | D:3      | Found a shimmering altar of Xom.
  3558 | D:3      | Reached skill level 1 in Fire Magic
  4172 | D:4      | Noticed Robin
  4337 | D:3      | Slain by a goblin

Illustrated notes

Levels and vault maps discovered:
D:1:      minmay_arrival_split_and_join, layout_basic,
          chequers_ecumenical_altar_simple
D:2:      layout_basic, serial_shops, nicolae_shop_bloodbath_and_beyond,
          nicolae_shop_behind_doors, shop, nicolae_shop_waterfront, uniq_jessica
D:3:      layout_basic, mainiacjoe_overflow_brackets
D:4:      layout_gridville, nicolae_gozag_cash_rules_everything_around_me,
          serial_shops, kennysheep_little_box, grunt_ministairs_10, uniq_robin

Skill      XL: |  1  2  3  4 |
---------------+-------------+-----
Spellcasting   | 5 |  5.9
Fighting       | 1 |  1.0
Armour         | 1 |  1.0
Conjurations   | 2 |  2.4
Fire Magic     | 1 |  1.0
Dodging        | |  2.9
Stealth        | |  2.4
Summonings     | |  1.1
Translocations | |  1.1
Air Magic      | |  0.2

Action                   |  1- 3 |  4- 6 || total
-------------------------+-------+-------++-------
Melee: Dagger            |     7 |    10 ||    17
       Long sword        |     4 |     4 ||     8
 Cast: Magic Dart        |    99 |    48 ||   147
       Mephitic Cloud    |     1 |       ||     1
       Blink             |       |     2 ||     2
       Call Imp          |       |     2 ||     2
       Conjure Flame     |       |     1 ||     1
 Stab: Confused          |     1 |       ||     1
Armor: Robe              |     1 |       ||     1
       Leather armour    |     1 |    19 ||    20
Dodge: Dodged            |    16 |    38 ||    54

Table legend: (Time is in decaauts)
 A = Elapsed time spent in this place.
 B = Non-inter-level travel time spent in this place.
 C = Inter-level travel time spent in this place.
 D = Time resting spent in this place.
 E = Time spent auto-exploring this place.
 F = Levels seen in this place.
 G = Mean time per level.
                   A        B        C        D        E       F      G
               +--------+--------+--------+--------+--------+-----+--------+
         Total |   4340 |   4217 |    123 |      9 |   3752 |   4 | 1085.0 |
       Dungeon |   4340 |   4217 |    123 |      9 |   3752 |   4 | 1085.0 |
               +--------+--------+--------+--------+--------+-----+--------+

Top non-repeatable levels by time:
     D:1: 1919 daAuts
     D:3: 1211 daAuts
     D:2: 1204 daAuts
     D:4: 4 daAuts
